[Event "MČR v rapid šachu družstev 2019"]
[Site "Teplice, Czech Republic"]
[Date "2019.09.15"]
[Round "1.1"]
[White "Babicka, Michal"]
[Black "Stocek, Jiri"]
[Result "0-1"]
[TimeControl "15 min. + 5s"]
[WhiteElo "2010"]
[BlackElo "2507"]

1. e4 c5 2. Nf3 d6 3. d4 cxd4 4. Nxd4 Nf6 5. Nc3 Nc6 6. f3 e5 7. Nb3 Be7 8. Be3 O-O 9. Qd2 Be6 10.
O-O-O a5 11. Kb1 a4 12. Nc1 a3 13. b3 Qa5 14. Nd5 Bxd5 15. exd5 Nb4 16. c4 Bd8 17. Nd3 Nxd3 18. Qxa5 Bxa5 19.
Bxd3 Bb4 20. g4 Nd7 21. Bf5 Nc5 22. Bd2 Bxd2 23. Rxd2 Rfe8 24. Re1 g6 25. Be4 Rac8 26. Rc1 Na6 27. h4 Kf8 28. h5 Ke7 29. Rh2 Kf6 30.
hxg6 hxg6 31. Rg1 Kg5 32. Rh7 Rc7 33. Rgh1 b6 34. Rg7 f5 35. Rxc7 Nxc7 36. gxf5 gxf5 37. Bc2 Na6 38. Rh7 e4 39.
Rf7 exf3 40. Rxf5+ Kg4 41. Kc1 Re1+ 42. Kd2 Re2+ 43. Kd3 Nb4+ 44. Kd4 0-1

[Event "MČR v rapid šachu družstev 2019"]
[Site "Teplice, Czech Republic"]
[Date "2019.09.15"]
[Round "1.2"]
[White "Kociscak, Jiri"]
[Black "Vales, Vaclav"]
[Result "1-0"]
[TimeControl "15 min. + 5s"]
[WhiteElo "2410"]
[BlackElo "2110"]

1. d4 d5 2. c4 c6 3. Nc3 Nf6 4. e3 e6 5. Nf3 Nbd7 6. Bd3 Bb4 7. O-O O-O 8. Qb3 Bd6 9. e4 dxc4 10.
Bxc4 e5 11. Rd1 Qe7 12. d5 b5 13. Bf1 b4 14. dxc6 Nc5 15. Qxb4 Ncxe4 16. Rxd6 Nxd6 17. Be3 a5 18. Qa3 Rd8 19.
Bb6 e4 20. Bxd8 Qxd8 21. Rd1 exf3 22. Qxd6 Qe8 23. gxf3 h6 24. Nb5 1-0

[Event "MČR v rapid šachu družstev 2019"]
[Site "Teplice, Czech Republic"]
[Date "2019.09.15"]
[Round "1.3"]
[White "Janda, Zdenek"]
[Black "Polak, Tomas"]
[Result "0-1"]
[TimeControl "15 min. + 5s"]
[WhiteElo "2008"]
[BlackElo "2515"]

1. d4 Nf6 2. c4 e6 3. Nc3 Bb4 4.
e3 c5 5.
Nge2 cxd4 6. exd4 d5 7. a3 Be7 8. Ng3 O-O 9. Be3 b6 10. Be2 Ba6 11. cxd5 Bxe2 12. Ngxe2 Nxd5 13. Nxd5 Qxd5 14.
O-O Rd8 15. Nc3 Qf5 16. Qa4 Nd7 17. Nb5 a6 18. Nc3 b5 19. Qb3 Nf6 20. h3 Rac8 21. Rac1 Bd6 22. Rfd1 h6 23. Qc2 Qxc2 24.
Rxc2 Rc4 25. Re2 Bxa3 26. Nxb5 Bb4 27. Na3 Bxa3 28. bxa3 Rb8 29. Kf1 Nd5 30. Ra1 Rb3 31. Ke1 Ra4 32.
Rea2 Nxe3 33. fxe3 Rxe3+ 34. Kf2 Rd3 0-1

[Event "MČR v rapid šachu družstev 2019"]
[Site "Teplice, Czech Republic"]
[Date "2019.09.15"]
[Round "1.4"]
[White "Vymazal, Bronislav"]
[Black "Havranek, Tomas"]
[Result "1-0"]
[TimeControl "15 min. + 5s"]
[WhiteElo "2347"]
[BlackElo "2023"]

1. e4 c5 2. Nf3 Nc6 3. Bb5 g6 4. O-O Bg7 5. c3 Nf6 6. Qa4 O-O 7. d4 cxd4 8. cxd4 Qc7 9. Nc3 e6 10.
Bg5 d6 11. Rac1 Qb6 12. d5 exd5 13. Bxf6 Bxf6 14. Nxd5 Qd8 15. Bxc6 bxc6 16. Qxc6 Bg4 17. e5 Bg7 18. exd6 Bxf3 19.
Ne7+ Kh8 20. gxf3 Rb8 21. Qc7 Bxb2 22. Rb1 Ba3 23. Rxb8 Qxb8 24. Qc3+ 1-0

[Event "MČR v rapid šachu družstev 2019"]
[Site "Teplice, Czech Republic"]
[Date "2019.09.15"]
[Round "1.5"]
[White "Vykouk, Jan"]
[Black "Novotny, Michal"]
[Result "1-0"]
[TimeControl "15 min. + 5s"]
[WhiteElo "2428"]
[BlackElo "2311"]

1. Nf3 e6 2. g3 d5 3. b3 Nf6 4.
Bb2 Be7 5. Bg2 O-O 6. O-O c5 7. c4 d4 8. e3 Nc6 9. exd4 cxd4 10. Re1 Ne8 11. d3 f6 12. Na3 e5 13. Nc2 a5 14.
Na3 Nc7 15. Nd2 Bb4 16. Nc2 Bf5 17. Nxb4 Nxb4 18. Ne4 Bg6 19. a3 Nc6 20. Nc5 b6 21. Na4 Qd6 22. Nxb6 Rab8 23. Nd5 Na6 24.
b4 axb4 25. axb4 Ncxb4 26. Ba3 Rf7 27. Nxb4 Nxb4 28. Bd5 Qd8 29. Bxb4 Rxb4 30. Ra8 Rb8 31. Rxb8 Qxb8 32. Qb1 Qc7 33.
Qa2 h5 34. Bxf7+ Qxf7 35. Qa8+ Kh7 36. Qf3 Qa7 37. Qe2 Qa3 38. Rd1 Qc5 39. f3 f5 40. Kg2 h4 41. Re1 e4 42. fxe4 fxe4 43.
dxe4 Bh5 44. Qf1 Qa3 45. Qf5+ Bg6 46. Qf4 Qa2+ 47. Kg1 hxg3 48. hxg3 Qxc4 49. Qh4+ Kg8 50. Rb1 Qc7 51. Qf4 Qxf4 52. gxf4 Bxe4 53. Rb4 Kh7 54. Rxd4 Bb1 55. Kf2 Kg6 56.
Kg3 Bf5 57. Rd5 Bb1 58. Rg5+ Kf6 59. Ra5 Bd3 60. Kf2 Bb1 61. Ke3 Bc2 62. Kf3 Bd3 63. Rc5 Bf5 64. Rc6+ Kf7 65. Kg3 Be4 66.
Rb6 Bd3 67. Kh4 Be4 68. Kg5 Bd3 69. Rb7+ Kg8 70. f5 Be4 71. Rc7 Kf8 1-0

[Event "MČR v rapid šachu družstev 2019"]
[Site "Teplice, Czech Republic"]
[Date "2019.09.15"]
[Round "1.6"]
[White "Rolinek, Dominik"]
[Black "Studnicka, Tomas"]
[Result "1/2-1/2"]
[TimeControl "15 min. + 5s"]
[WhiteElo "1999"]
[BlackElo "2379"]

1. d4 Nf6 2. Bf4 g6 3.
Nc3 d5 4. Nf3 Bg7 5. e3 O-O 6. Be2 c5 7. Ne5 Nc6 8. O-O cxd4 9. exd4 Qb6 10. Nxc6 Qxc6 11. Qd2 Bf5 12. Bf3 Rfd8 13.
Rfe1 Ne4 14. Qe3 Nxc3 15. Qxc3 Qxc3 16. bxc3 e6 17. Rab1 b6 18. Re2 Rac8 19. Rb3 Rc6 20. g4 Be4 21.
Bxe4 dxe4 22. Rxe4 Rdc8 23. Re3 Bf8 24.
Kf1 Rc4 25. Ke2 Ra4 26. Rb2 Ba3 27. Rb1 Bf8 28. Rb2 Ra3 29. Kd2 Rc4 30. h3 Rca4 31. Kd3 Rxa2 32. Rxa2 Rxa2 33. d5 exd5 34. Re8 Kg7 35. Be5+ f6 36. Bxf6+ Kf7 37. Rd8 Kxf6 38.
Rxf8+ Kg5 39. Rh8 h6 40. Rd8 Ra1 41.
Rxd5+ Kh4 42. Ke2 Rc1 43. Kd2 Rf1 44. Ke2 Rh1 45. Rd6 Rxh3 46. Rxg6 Rxc3 47. Kd2 Rc5 48. f4 h5 49. gxh5 Kxh5 50.
Rg7 a5 51. Kd3 a4 52. c4 Ra5 53. Kc2 a3 54. Kb1 Ra4 55. Ka2 Rxc4 56. Kxa3 Rxf4 57. Kb3 Rg4 1/2-1/2

[Event "MČR v rapid šachu družstev 2019"]
[Site "Teplice, Czech Republic"]
[Date "2019.09.15"]
[Round "1.7"]
[White "Sodoma, Jan"]
[Black "Richtr, Zdenek"]
[Result "1-0"]
[TimeControl "15 min. + 5s"]
[WhiteElo "2358"]
[BlackElo "2114"]

1. Nf3 Nf6 2. c4 g6 3. b3 Bg7 4. Bb2 O-O 5. g3 d5 6. cxd5 Nxd5 7. Bxg7 Kxg7 8. Bg2 c5 9. Qc2 Qd6 10. Na3 Na6 11. Nc4 Qf6 12. O-O Bf5 13. e4 Ndb4 14. Qb1 Be6 15.
a3 Nc6 16. e5 Qf5 17. Qb2 Rfd8 18. Rfe1 Rac8 19. Rac1 b5 20. Ne3 Qd3 21. Bf1 Qxb3 22. Qxb3 Bxb3 23. Bxb5 Nd4 24. Nxd4 cxd4 25. Bxa6 dxe3 26. dxe3 Rxc1 27.
Rxc1 Rd5 28. Rc3 Bd1 29. f4 Rd2 30. Rc7 Ra2 31. Rxe7 Kf8 32. Rxf7+ Kxf7 33. Bc4+ Ke7 34. Bxa2 Bc2 35. Kf2 Be4 36. Ke2 Kd7 37.
Kd2 Kc6 38. Kc3 Kc5 39. Bg8 h6 40. Bf7 g5 41. e6 Kd6 42. Kd4 Bd5 43. f5 Ba2 44. e4 Bb3 45. e5+ Ke7 46. Bg8 h5 47. f6+ Ke8 48. Kc5 h4 49.
Kd6 1-0

[Event "MČR v rapid šachu družstev 2019"]
[Site "Teplice, Czech Republic"]
[Date "2019.09.15"]
[Round "1.8"]
[White "Hosnedl, Matyas"]
[Black "Cech, Pavel"]
[Result "0-1"]
[TimeControl "15 min. + 5s"]
[WhiteElo "1858"]
[BlackElo "2394"]

1. e4 e6 2. d4 d5 3. exd5 exd5 4. Bd3 Nf6 5. Bg5 c5 6. c3 h6 7. Bh4 cxd4 8. cxd4 Nc6 9. Ne2 Bd6 10.
O-O Bxh2+ 11. Kh1 Bd6 12. Nd2 O-O 13. Nf3 Bg4 14. Rc1 Bxf3 15. gxf3 Be7 16. Bg3 Nh5 17. Kg2 Bg5 18. Ra1 Bf6 19.
Bb1 Nxg3 20. fxg3 Qb6 21. Qd3 g6 22. Nf4 Qxb2+ 23. Bc2 Qxd4 24. Nxd5 Bg7 25. Ne7+ Nxe7 0-1

[Event "MČR v rapid šachu družstev 2019"]
[Site "Teplice, Czech Republic"]
[Date "2019.09.15"]
[Round "1.9"]
[White "Sprenar, Petr"]
[Black "Bernasek, Jan"]
[Result "0-1"]
[TimeControl "15 min. + 5s"]
[WhiteElo "2089"]
[BlackElo "2496"]

1. d4 Nf6 2. Nf3 e6 3. g3 b5 4. Bg2 Bb7 5. O-O c5 6. a4 b4 7. c4 Na6 8. d5 exd5 9. Nh4 Nc7 10.
Nf5 g6 11. Ne3 Bg7 12. cxd5 d6 13. Nd2 O-O 14. Ndc4 a5 15. Rb1 Re8 16. Qc2 Ra6 17. Rd1 Qe7 18. h4 Ne4 19. h5 Bd4 20.
hxg6 hxg6 21. Ng4 Nxd5 22. Nce3 Nb6 23. Bf3 d5 24. Kg2 Nd7 25. Nh6+ Kf8 26. Rh1 Bg7 27. Nhg4 Ndf6 28. b3 Nc3 29.
Ra1 d4 30. Nxf6 Rxf6 31. Ng4 Rxf3 32. exf3 Bxf3+ 33. Kxf3 Qb7+ 34. Kf4 Re4+ 35. Kf3 Re2+ 0-1

[Event "MČR v rapid šachu družstev 2019"]
[Site "Teplice, Czech Republic"]
[Date "2019.09.15"]
[Round "1.10"]
[White "Cernousek, Lukas"]
[Black "Lorenc, Tomas"]
[Result "1/2-1/2"]
[TimeControl "15 min. + 5s"]
[WhiteElo "2478"]
[BlackElo "2118"]

1. Nf3 Nf6 2. e3 g6 3. b4 a5 4. b5 Bg7 5. c4 d5 6. d4 c5 7. bxc6 bxc6 8. Ba3 O-O 9. Bd3 Na6 10.
O-O Nb4 11. Bxb4 axb4 12. c5 Ne4 13. Nbd2 Bg4 14. Nxe4 dxe4 15. Bxe4 Qc7 16. Qd2 Rfb8 17. Rfb1 f5 18. Bd3 Bxf3 19.
gxf3 e5 20. Rxb4 exd4 21. Rab1 dxe3 22. fxe3 Rxb4 23. Rxb4 Qe5 24. Rc4 f4 25. exf4 Qa1+ 26. Rc1 Qd4+ 27. Kg2 Rd8 28. Bc4+ Kf8 29.
Qxd4 Rxd4 30. f5 Rd2+ 31. Kg3 g5 32. f4 gxf4+ 33. Kxf4 Rxh2 34. Kg3 Be5+ 35. Kg4 h5+ 36. Kg5 Bd4 37.
Rb1 h4 38. Rb8+ Ke7 39. Rb7+ Kf8 40. Rb8+ Ke7 41. Rb7+ Kf8 42. f6 Rg2+ 43. Kh6 Bxf6 44.
Rf7+ Ke8 45. Rxf6 h3 46. Rf4 h2 47. Rh4 Rg4 48. Rxh2 Rxc4 49. Kg6 Rxc5 50. Kf6 Kd7 51. Rd2+ 1/2-1/2

[Event "MČR v rapid šachu družstev 2019"]
[Site "Teplice, Czech Republic"]
[Date "2019.09.15"]
[Round "1.11"]
[White "Srba, Stanislav"]
[Black "Vrbata, Zbynek"]
[Result "0-1"]
[TimeControl "15 min. + 5s"]
[WhiteElo "1835"]
[BlackElo "2376"]

1. d4 Nf6 2. c4 g6 3. Nc3 Bg7 4. g3 O-O 5. Bg2 d6 6. e4 c6 7. Nge2 Nbd7 8. O-O e5 9. Be3 Re8 10.
Qc2 Ng4 11. Rab1 Nxe3 12. fxe3 Bh6 13. Qd3 Qb6 14. b4 exd4 15. exd4 Ne5 16. Qd1 Nxc4 17. Qb3 d5 18. exd5 Nd2 19.
Qa4 Nxb1 20. Rxb1 Bf5 21. Rb2 Be3+ 22. Kf1 Rac8 23. dxc6 bxc6 24. d5 Bd3 25. Nd1 cxd5 26. Bxd5 Qf6+ 27.
Kg2 Bc1 28. Rb3 Rxe2+ 0-1

[Event "MČR v rapid šachu družstev 2019"]
[Site "Teplice, Czech Republic"]
[Date "2019.09.15"]
[Round "1.12"]
[White "Kuba, Jindrich"]
[Black "Lorencova, Vera"]
[Result "1-0"]
[TimeControl "15 min. + 5s"]
[WhiteElo "2229"]
[BlackElo "1873"]

1. e4 e5 2. Nf3 Nf6 3. Nc3 Nc6 4.
Bb5 Bb4 5. O-O d6 6. h3 Bxc3 7. bxc3 Nxe4 8. Re1 Nf6 9. d4 Bd7 10. dxe5 dxe5 11. Nxe5 O-O 12. Nxd7 Nxd7 13. Bxc6 bxc6 14.
Qf3 Re8 15. Be3 Ne5 16. Qg3 Qd5 17. Bd4 Ng6 18. Qxc7 Nh4 19. Qg3 Nf5 20. Qf4 Nxd4 21. Qxd4 Rxe1+ 22. Rxe1 Qxa2 23. Qe4 h6 24.
Qxc6 Rb8 25. Re8+ Rxe8 26. Qxe8+ Kh7 27. Qe4+ Kg8 28. c4 Qa1+ 29. Kh2 Qf1 30. Qe8+ Kh7 31. Qxf7 Qe2 32. Qf5+ Kg8 33.
c5 Qc4 34. Qe5 Qxc2 35. Qd6 a5 36. c6 a4 37. c7 Qc1 38. Qd8+ Kh7 39. c8=Q Qf4+ 40. Kg1 1-0

[Event "MČR v rapid šachu družstev 2019"]
[Site "Teplice, Czech Republic"]
[Date "2019.09.15"]
[Round "1.13"]
[White "Jirovsky, Milos"]
[Black "Mach, Petr"]
[Result "1-0"]
[TimeControl "15 min. + 5s"]
[WhiteElo "2477"]
[BlackElo "1800"]

1. Nf3 c5 2. c4 Nc6 3. Nc3 g6 4.
g3 Bg7 5. Bg2 d6 6. O-O e5 7. d3 Nge7 8.
Ne1 O-O 9. Nc2 Be6 10. Ne3 Qd7 11. Rb1 Rab8 12. Ned5 Bh3 13. Bg5 Bxg2 14. Kxg2 f6 15. Bd2 Nxd5 16. Nxd5 Ne7 17. Nxe7+ Qxe7 18.
b4 b6 19. Qa4 f5 20. Qc6 f4 21. f3 fxg3 22. hxg3 Rfd8 23. Rh1 h5 24. Qe4 Qe6 25. bxc5 dxc5 26. Be3 Rbc8 27. a4 Qc6 28.
a5 Qxe4 29. dxe4 Rc6 30. axb6 axb6 31. Rhd1 Rcd6 32. Rd5 Rxd5 33. exd5 Rd6 34. Bg5 Bf6 35. Bd2 Kf7 36. e4 g5 37.
Kh3 Kg6 38. Ra1 Be7 39. Ra7 Bf6 40. Rb7 Bd8 41. Bc3 Bf6 42. Rc7 Bd8 43. Rb7 Bf6 44. Rb8 Kh6 45. Re8 Kg6 46. Bxe5 Bxe5 47.
Rxe5 Kf6 48. f4 gxf4 49. gxf4 Kg6 50. Rg5+ Kh6 51. e5 Rd8 52. Kh4 Rf8 53. f5 b5 54. Rxh5+ Kg7 55. Rg5+ Kh6 56. Rh5+ Kg7 57. f6+ Kg6 58. Rg5+ Kh6 59. cxb5 c4 60. Rg3 Rb8 61. f7 c3 62.
Rxc3 Kg7 63. Rf3 1-0

[Event "MČR v rapid šachu družstev 2019"]
[Site "Teplice, Czech Republic"]
[Date "2019.09.15"]
[Round "1.14"]
[White "Kovar, Vojtech"]
[Black "Sokolov, Alexander"]
[Result "0-1"]
[TimeControl "15 min. + 5s"]
[WhiteElo "2238"]
[BlackElo "2384"]

1. d4 Nf6 2. c4 g6 3. g3 Bg7 4. Bg2 O-O 5. Nc3 d6 6. Nf3 Nbd7 7. O-O e5 8. h3 Re8 9. e4 a5 10.
d5 Nc5 11. Re1 Bd7 12. b3 c6 13. Rb1 cxd5 14. cxd5 b5 15. b4 axb4 16. Rxb4 Na6 17. Rb2 b4 18. Nb1 Qc8 19. Kh2 Nc5 20.
Rxb4 Rxa2 21. Nc3 Rxf2 22. Be3 Rxg2+ 23. Kxg2 Bxh3+ 24. Kg1 Bg4 25. Bf2 Na6 26. Rb3 Qc4 27. Ra3 Nc5 28. Kg2 Nd3 29.
Re2 Nxf2 30. Rxf2 Nxe4 31. Nxe4 Qxe4 32. Ra4 Qf5 33. Qe1 Bxf3+ 34. Rxf3 Qc2+ 0-1

[Event "MČR v rapid šachu družstev 2019"]
[Site "Teplice, Czech Republic"]
[Date "2019.09.15"]
[Round "1.15"]
[White "Dolezal, Radoslav"]
[Black "Popper, Tomas"]
[Result "1-0"]
[TimeControl "15 min. + 5s"]
[WhiteElo "2363"]
[BlackElo "2073"]

1. d4 Nf6 2. Bg5 g6 3. Bxf6 exf6 4. e3 Bg7 5. c4 d5 6.
cxd5 Qxd5 7. Nc3 Qd8 8. Bc4 O-O 9. Nge2 f5 10. O-O Nd7 11. b4 Nf6 12. Qb3 Bd7 13. a4 Qe7 14. Rac1 c6 15. Rfd1 Be6 16. Nf4 Bxc4 17. Qxc4 g5 18. Nd3 Ne4 19. Nc5 Rad8 20. N3xe4 fxe4 21. b5 b6 22. Na6 cxb5 23. axb5 Rd7 24. Nb4 Kh8 25. Nc6 Qd6 26. Qb4 Qg6 27. Ne5 Qd6 28. Qxd6 Rxd6 29. Nc6 Ra8 30. Nb4 Rd7 31. Rc4 Bf8 32. Rdc1 Bxb4 33. Rxb4 a5 34. bxa6 Rxa6 35. g4 h5 36. h3 hxg4 37. hxg4 Rd5 38. Rc6 Ra1+ 39. Kg2 b5 40. Rb6 Ra5 41. Rb2 Kg7 42. Rc2 Ra4 43. Rc7 Rd8 44. Rxb5 Kg6 45. Re5 Ra1 46. Rxe4 Rh8 47. Ree7 Rf8 48. Rc6+ f6 49. Rcc7 Rg8 50. Kf3 Rg1 51. Ra7 Rd1 52. Ra6 Rd2 53. Ree6 Rf8 54. Kg3 Rd1 55. Ra5 Rg1+ 56. Kf3 Rd1 57. Rf5 Rg1 58. e4 Rd1 59. d5 Rd3+ 60. Ke2 Rb3 61. e5 Rb2+ 62. Kf3 Rb3+ 63. Kg2 Rb4 64. Rexf6+ Rxf6 65. Rxf6+ Kg7 66. f3 Rb2+ 67. Kg3 Re2 68. Rf5 Kg6 69. d6 Rd2 70. Rf6+ Kg7
71. f4 Rd3+ 72. Kf2 Rd5 73. Ke3 gxf4+ 74. Kxf4 Rd4+ 75. Kf5 Rd1 76. Ke6 1-0

[Event "MČR v rapid šachu družstev 2019"]
[Site "Teplice, Czech Republic"]
[Date "2019.09.15"]
[Round "1.16"]
[White "Ocelak, Jakub"]
[Black "Postupa, Pavel"]
[Result "0-1"]
[TimeControl "15 min. + 5s"]
[WhiteElo "1702"]
[BlackElo "2203"]

1. Nf3 Nf6 2. g3 g6 3. Bg2 Bg7 4. O-O d5 5.
d4 O-O 6. c4 dxc4 7. Na3 c5 8. Nxc4 Be6 9. Nfe5 Nc6 10. Nxc6 bxc6 11. Ne5 Rc8 12. dxc5 Nd5 13. Nd3 Qa5 14.
a3 Rfd8 15. Qc2 Qb5 16. Rb1 Nf6 17. b4 Bf5 18. Rd1 Rd4 19. Be3 Rc4 20. Qb3 Be6 21. a4 Qb8 22. Qa3 Nd5 23. Bf4 Nxf4 24.
Nxf4 Rc3 25. Qb2 Rxg3 26. Qxg7+ Kxg7 27. Nxe6+ fxe6 28. hxg3 Kf7 29. Rdc1 Qe5 30. e3 h5 31. b5 cxb5 32. Rxb5 a6 33. Rb6 h4 34. gxh4 g5 35.
Bh3 g4 36. Bg2 g3 37. c6 gxf2+ 38. Kxf2 Rg8 39. c7 Qg3+ 40.
Ke2 Qxg2+ 41. Kd3 Qd5+ 42. Kc2 Qc5+ 43. Kd3 Qxb6 44. c8=Q Rxc8 45.
Rxc8 Qb3+ 46. Kd4 Qxa4+ 47. Rc4 Qd1+ 48. Ke4 Qd5+ 0-1

[Event "MČR v rapid šachu družstev 2019"]
[Site "Teplice, Czech Republic"]
[Date "2019.09.15"]
[Round "1.17"]
[White "Mikes, Jan"]
[Black "Kourousis, Epaminondas"]
[Result "1-0"]
[TimeControl "15 min. + 5s"]
[WhiteElo "2214"]
[BlackElo "2388"]

1. e4 c6 2. d4 d5 3. e5 Bf5 4. h4 h5 5. Bd3 Bxd3 6.
Qxd3 e6 7. Bg5 Qa5+ 8. Nd2 Qa6 9. c4 dxc4 10. Qxc4 Ne7 11. Ne2 Nf5 12.
Rh3 Qxc4 13. Nxc4 Nd7 14. O-O-O Be7 15. Bxe7 Kxe7 16. Nc3 Nb6 17. Na5 Rab8 18. Ne4 Rhd8 19. Nc5 Nxd4 20. Ncxb7 Rbc8 1-0

[Event "MČR v rapid šachu družstev 2019"]
[Site "Teplice, Czech Republic"]
[Date "2019.09.15"]
[Round "1.18"]
[White "Burdalev, Kirill"]
[Black "Pribyl, Jakub"]
[Result "1/2-1/2"]
[TimeControl "15 min. + 5s"]
[WhiteElo "2336"]
[BlackElo "2063"]

1. d4 Nf6 2. Nf3 g6 3. g3 Bg7 4. c4 O-O 5. Bg2 d6 6. O-O c6 7. Nc3 Nbd7 8. e4 Qc7 9. h3 e5 10. Be3 b6 11. Rc1 Bb7 12. d5 a6 13. dxc6 Bxc6 14. Nd5 Bxd5 15. cxd5 Qb7 16. Nd2 Rfc8 17. Nc4 Bf8 18. Qb3 b5 19.
Na5 Qb8 20. Rxc8 Qxc8 21. Rc1 Qb8 22. Rc6 Ne8 23. Qc2 Qd8 24. b4 Nc5 25. Bxc5 dxc5 26. Nb7 Qe7 27. Nxc5 Nd6 28. Rxa6 Rxa6 29.
Nxa6 Qa7 30. Nc5 Qa3 31. Nd3 Nc4 32. Qb3 Qa7 33. Qc2 Qd4 34. h4 h5 35. Bf3 Be7 36. Kg2 Kg7 37. Qd1 Qc3 38.
Be2 Bd6 39. Ne1 Nd2 40. Qc2 Qd4 41. Nf3 Nxf3 42. Kxf3 Qxb4 43. Qd3 Qb2 44. Qxb5 Qxa2 45. Qc4 Qa3+ 46. Bd3 Qb2 47. Kg2 Qb6 48. Qc2 Qd4 49. Be2 Bc5 50. Bb5 Bd6 51. Qd3 Qxd3 52.
Bxd3 Kf8 53. Kf1 Ke7 54.
Ke2 Bc5 55. f4 Bd4 56. Kf3 Bc3 57. Bc4 Kd6 58. Bb5 Ke7 59. Ba4 Kd6 60. Bb3 Ke7 61. d6+ Kf8 62. d7 Ba5 63. fxe5 Ke7 64. Ba4 f6 65. exf6+ Kxf6 66. Bb3 Bc7 67.
Bg8 Kg7 68. Be6 Kf6 69. Bh3 Ke5 70. Ke3 Bb6+ 71. Kd3 Bc7 72. Bg2 Ke6 73. Bh3+ Ke5 74. Bg2 Ke6 75. Bh3+ Ke7 76. Kd4 Bxg3 77. e5 Bxh4 78. Kd5 Kd8 79. e6 Be7 80.
Ke5 g5 81. Kf5 g4 82. Bg2 Kc7 83. Bf1 g3 84. Kf4 h4 85.
Kg4 Kd8 1/2-1/2

[Event "MČR v rapid šachu družstev 2019"]
[Site "Teplice, Czech Republic"]
[Date "2019.09.15"]
[Round "1.19"]
[White "Polansky, Adam Lubos"]
[Black "Pribyl, Josef"]
[Result "0-1"]
[TimeControl "15 min. + 5s"]
[WhiteElo "1728"]
[BlackElo "2285"]

1. d4 Nf6 2. c4 g6 3. g3 Bg7 4.
Bg2 d5 5. Nf3 O-O 6. O-O dxc4 7. Na3 Nc6 8. Nxc4 Be6 9. Nce5 Nxe5 10. Nxe5 Bd5 11. f3 Qc8 12. e4 Be6 13. Be3 c6 14. Rf2 Rd8 15.
Rd2 Nd7 16. Nxd7 Qxd7 17. Rc1 a5 18. b3 Qd6 19. Kh1 Qb4 20. Rd3 a4 21. bxa4 Qxa4 22. a3 Bc4 23. Rdc3 Qxd1+ 24. Rxd1 b5 25. f4 e6 26. e5 Ra6 27. Bf1 Bxf1 28. Rxf1 Bf8 29. Rfc1 Rc8 30. Rb1 Rxa3 31.
Rxa3 Bxa3 32. Kg2 Kf8 33.
Kf3 Ke8 34. Ke4 Kd7 35. g4 Be7 36. f5 f6 37. Ra1 b4 38. Ra7+ Ke8 39. fxe6 fxe5 40. Kxe5 Rb8 41. Bc1 Rb5+ 42.
Ke4 h5 43. Ra8+ Bd8 44. Bf4 Ke7 45. Bc1 hxg4 46. Rc8 Ba5 47. Rxc6 b3 48. Bb2 Bb4 49. d5 Bd6 50. Ra6 Rb4+ 51. Kd3 Rb7 52. Kc4 Bxh2 53. Ba3+ Kf6 54. e7+ Kf7 55. Ra8 Rb8 56. Rxb8 Bxb8 57.
Kxb3 g3 58. Bc5 g2 59. Kc2 Bh2 60. Kd3 g1=Q 61. Bxg1 Bxg1 62. Ke4 Kxe7 63. Kf4 Kf6 0-1

[Event "MČR v rapid šachu družstev 2019"]
[Site "Teplice, Czech Republic"]
[Date "2019.09.15"]
[Round "1.20"]
[White "Benes, Petr"]
[Black "Smid, Pavel"]
[Result "0-1"]
[TimeControl "15 min. + 5s"]
[WhiteElo "2147"]
[BlackElo "1634"]

1. g3 c5 2. Bg2 Nc6 3. c4 Nf6 4. Nc3 e6 5. Nf3 Be7 6. O-O b6 7. d4 cxd4 8. Nxd4 Bb7 9. Ndb5 Qb8 10. Bf4 e5 11. Bg5 a6 12.
Na3 Nd4 13. Bxf6 Bxg2 14. Kxg2 gxf6 15. Nc2 Qb7+ 16. Nd5 Nf5 17. e4 Nd6 18. Nce3 Nxe4 19. Qf3 Nc5 20. b4 e4 21. Qf4 Ne6 22.
Qxe4 Qc6 23. b5 axb5 24. cxb5 Qxb5 25. Nf5 Ra4 26. Nc7+ Kf8 27. Nxb5 Rxe4 28. Rfd1 Re5 29. Nbd4 Bc5 30. Nxe6+ fxe6 31. Nd4 Ke7 32.
Nb3 Ra8 33. Rd2 Bb4 34. Rc2 Rd5 35. Rac1 Rd3 36. Rc4 Bd2 37. R1c2 Bg5 38. h4 Bh6 39. Rb4 Rd6 40. Rb5 Bg7 41. Nd2 f5 42. Nc4 Rc6 43. Rb4 Rac8 44. a4 Bd4 45. Kf3 Bc5 46. Rb5 Bd6 47. Nxd6 Kxd6 48.
Rd2+ Ke7 49. Rdb2 Rb8 50. a5 Rc3+ 51. Kg2 Rc6 52. axb6 Kd8 53. Kf3 d6 54. Kf4 Rb7 55. Kg5 Ke8 56. Kf6 d5 57. Ke5 Kd7 58. h5 Ke7 59.
R2b4 Kd7 60. g4 fxg4 61. Rxg4 Rbxb6 62. Rg7+ Ke8 63. Rxb6 Rxb6 64. Rxh7 Kf8 65. Rh6 Kg7 66. Rg6+ Kh7 67. Rf6 Rb2 68. Rf4 Re2+ 69. Kd6 e5 70. Rf5 d4 71. f4 d3 0-1

[Event "MČR v rapid šachu družstev 2019"]
[Site "Teplice, Czech Republic"]
[Date "2019.09.15"]
[Round "1.21"]
[White "Krejci, Jan"]
[Black "Starek, Stanislav"]
[Result "1-0"]
[TimeControl "15 min. + 5s"]
[WhiteElo "2496"]
[BlackElo "2098"]

1. c4 d5 2. cxd5 c6 3.
dxc6 Nxc6 4. Nf3 e5 5. d3 Nf6 6.
e3 Bf5 7. Be2 Be7 8. O-O O-O 9.
a3 Qd7 10. b4 Rad8 11. Bb2 e4 12. dxe4 Qc7 13. Qc1 Nxe4 14. Nc3 Nxc3 15. Bxc3 Bd6 16. Qb2 f6 17. Rac1 Qe7 18. Rfd1 Rfe8 19.
Bc4+ Kh8 20. Bd5 Bg4 21. h3 Bh5 22. Rd2 a6 23. Nh4 Be5 24. Nf5 Qd7 25. Bxc6 Qxd2 26. Qxd2 Rxd2 27. Bxe8 Bxc3 28. Bxh5 Bb2 29. Rc8+ 1-0

[Event "MČR v rapid šachu družstev 2019"]
[Site "Teplice, Czech Republic"]
[Date "2019.09.15"]
[Round "1.22"]
[White "Nemec, Jachym"]
[Black "Sorm, Daniel"]
[Result "0-1"]
[TimeControl "15 min. + 5s"]
[WhiteElo "1955"]
[BlackElo "2313"]

1. e4 c5 2. Nf3 Nc6 3.
d4 cxd4 4. Nxd4 Nf6 5. Nc3 d6 6. Bg5 e6 7. f4 h6 8. Bh4 Be7 9. Bf2 O-O 10. Nb3 a6 11. a4 b6 12. Be2 Bb7 13.
Bf3 Nb4 14. a5 b5 15. Bb6 Qc8 16. O-O d5 17. e5 Ne4 18. Bd4 f6 19. Rc1 fxe5 20. Bxe5 Nxc3 21. bxc3 Na2 22. Ra1 Nxc3 23.
Qd4 Bf6 24. Nc5 Bxe5 25. fxe5 Rxf3 26. Kh1 Rxf1+ 27. Rxf1 Ne4 28. Nd3 Qxc2 29. Rc1 Qxd3 0-1

[Event "MČR v rapid šachu družstev 2019"]
[Site "Teplice, Czech Republic"]
[Date "2019.09.15"]
[Round "1.23"]
[White "Strasil, Pavel"]
[Black "Smolik, Jachym"]
[Result "0-1"]
[TimeControl "15 min. + 5s"]
[WhiteElo "2097"]
[BlackElo "1471"]

1. d4 Nf6 2. Nf3 e6 3. c4 Bb4+ 4. Bd2 Qe7 5. Nc3 O-O 6. Qc2 b6 7. g3 Bb7 8. Bg2 d6 9. O-O Nbd7 10.
Rfe1 Rad8 11. a3 Bxc3 12. Bxc3 d5 13. Ne5 Nxe5 14. dxe5 Ne4 15. Rad1 Nxc3 16. Qxc3 c5 17. e3 Rd7 18.
Rd2 Rfd8 19. Red1 h6 20. f4 dxc4 21. Rxd7 Rxd7 22. Rxd7 Qxd7 23. Bxb7 Qxb7 24. Qxc4 Qd7 25. Qc2 a6 26. Kf2 Qd5 27. Qe2 Qh1 28. Qxa6 Qxh2+ 29. Kf3 Qxb2 30. Qa8+ Kh7 31.
Qe4+ g6 32. Qb7 Kg7 33. Qe7 Qb5 34. Qf6+ Kg8 35. Qd8+ Kh7 36. Qc7 Kg7 37. Qe7 Qf1+ 38. Ke4 Qg2+ 39. Kd3 Qd5+ 40. Ke2 c4 41.
Qc7 b5 42. Kf2 Qd2+ 43. Kf3 c3 44.
f5 gxf5 45. Qe7 c2 46. Qf6+ Kg8 47. Qxh6 Qd1+ 48. Kf2 Qg4 49. Qh1 Qc4 50. Qa8+ Kg7 51. Qd8 Qg4 52. Qc7 Qd1 53. Qe7 c1=Q 54.
Qf6+ 0-1

[Event "MČR v rapid šachu družstev 2019"]
[Site "Teplice, Czech Republic"]
[Date "2019.09.15"]
[Round "1.24"]
[White "Strnad, Michael"]
[Black "Krejci, Jan"]
[Result "0-1"]
[TimeControl "15 min. + 5s"]
[WhiteElo "1726"]
[BlackElo "2496"]

1. e4 e5 2. Nf3 Nf6 3. Bc4 Nxe4 4. Nc3 Nc6 5. Nxe4 d5 6. Bb5 dxe4 7. Nxe5 Qg5 8. d4 Qxg2 9. Rf1 a6 10.
Bxc6+ bxc6 11. Qh5 g6 12. Nxg6 Bh3 13. Qe5+ Kd7 14. Nxh8 Qxf1+ 15. Kd2 Bb4+ 16. Ke3 Qe1+ 17. Kf4 Bd6 18.
Nxf7 Bxe5+ 19. Nxe5+ Ke6 20. Kg3 Qf1 21. b3 Qg2+ 22. Kh4 Qxf2+ 23. Kxh3 Qxd4 24. Rb1 Qxe5 25. Bb2 Qf5+ 26. Kh4 Rg8 0-1

[Event "MČR v rapid šachu družstev 2019"]
[Site "Teplice, Czech Republic"]
[Date "2019.09.15"]
[Round "1.25"]
[White "Brejnik, Gustav"]
[Black "Docekal, Jan"]
[Result "0-1"]
[TimeControl "15 min. + 5s"]
[WhiteElo "2109"]
[BlackElo "2302"]

1. d4 c5 2. d5 e6 3. c4 exd5 4.
cxd5 d6 5. Nc3 Be7 6. Nf3 Nf6 7. g3 O-O 8. Bg2 Re8 9. O-O Bf8 10. Qc2 Na6 11. Bf4 Nc7 12. Qd3 b6 13. a4 Ba6 14. Qc2 Ncxd5 15. Nxd5 Nxd5 16. Ng5 Nf6 17. Bxa8 Qxa8 18.
Rfe1 Qc6 19. Rad1 Bb7 20. f3 h6 21. Nh3 d5 22. Nf2 d4 23. Nd3 Nd5 24. Qc1 Qf6 25. Nf2 Bd6 26. Ne4 Rxe4 27.
fxe4 Nxf4 28. gxf4 Bxf4 29. e3 Bxh2+ 30. Kxh2 Qf2+ 31. Kh3 Bc8# 0-1